NWL
LOS ANGELES N (SS-A) DODGERS @ BOISE HAWKS
09/08/2098
 
TOP OF THE 1ST
Los Angeles N (SS-A) Dodgers batting - Pitching for Boise Hawks : RHP Dan Potts
Pitching: RHP Dan Potts
Batting: RHB Cory Walton 0-0: Called Strike
0-1: Swinging Strike
0-2: Ground out U3 (Groundball, 3, EV 110.0 MPH)
Batting: RHB Bryan Chambers 0-0: Ball
1-0: Swinging Strike
1-1: Foul Ball, location: 5SF
1-2: Ball
2-2: Ball
3-2: Base on Balls
Batting: RHB Matt Lewis 0-0: Ball
1-0: Swinging Strike
1-1: Fly out, F8 (Flyball, 78D, EV 94.4 MPH)
Batting: RHB Austin Vargas 0-0: Called Strike
0-1: Ball
1-1: Fly out, F9 (Flyball, 9LM, EV 105.6 MPH)
Top of the 1st over - 0 runs, 0 hits, 0 errors, 1 left on base; Los Angeles N (SS-A) 0 - Boise 0
BOTTOM OF THE 1ST
Boise Hawks batting - Pitching for Los Angeles N (SS-A) Dodgers : LHP Kenishi Sakurai
Pitching: LHP Kenishi Sakurai
Batting: RHB Ivan Mendez 0-0: Foul Ball, location: 5SF
0-1: Called Strike
0-2: Ball
1-2: Strikes out looking
Batting: RHB Mike Egan 0-0: Ball
1-0: Foul Ball, location: 2F
1-1: Called Strike
1-2: Strikes out swinging
Batting: RHB David Pender 0-0: Ball
1-0: Called Strike
1-1: Ball
2-1: Ball
3-1: Base on Balls
Batting: LHB Ivan Alcantar 0-0: Called Strike
0-1: Fly out, F8 (Flyball, 89D, EV 107.5 MPH)
Bottom of the 1st over - 0 runs, 0 hits, 0 errors, 1 left on base; Los Angeles N (SS-A) 0 - Boise 0
TOP OF THE 2ND
Los Angeles N (SS-A) Dodgers batting - Pitching for Boise Hawks : RHP Dan Potts
Batting: RHB Devin Gleason 0-0: Called Strike
0-1: Called Strike
0-2: Strikes out looking
Batting: RHB Nolan Jones 0-0: Called Strike
0-1: Ball
1-1: Foul Ball, location: 9LMF
1-2: Ball
2-2: Strikes out swinging
Batting: LHB Terry Walker 0-0: Ball
1-0: Fly out, F7 (Line Drive, 7, EV 91.3 MPH)
Top of the 2nd over - 0 runs, 0 hits, 0 errors, 0 left on base; Los Angeles N (SS-A) 0 - Boise 0
BOTTOM OF THE 2ND
Boise Hawks batting - Pitching for Los Angeles N (SS-A) Dodgers : LHP Kenishi Sakurai
Batting: LHB Luis Apolinar 0-0: Foul Ball, location: 3FF
0-1: Ball
1-1: Foul Ball, location: 3F
1-2: Strikes out swinging
Batting: SHB Scott McDonald Jr. 0-0: Ball
1-0: Swinging Strike
1-1: Foul Ball, location: 2RF
1-2: Ball
2-2: Ball
3-2: Strikes out swinging
Batting: RHB Tyler Kenner 0-0: Called Strike
0-1: Called Strike
0-2: Strikes out swinging
Bottom of the 2nd over - 0 runs, 0 hits, 0 errors, 0 left on base; Los Angeles N (SS-A) 0 - Boise 0
TOP OF THE 3RD
Los Angeles N (SS-A) Dodgers batting - Pitching for Boise Hawks : RHP Dan Potts
Batting: RHB Pete Betts 0-0: Called Strike
0-1: Ball
1-1: Ball
2-1: Ball
3-1: Foul Ball, location: 3F
3-2: Fly out, F6 (Popup, 4MD, EV 69.4 MPH)
Batting: LHB Russ Hailer 0-0: Foul Ball, location: 2F
0-1: Reached on error, E5 (Groundball, 56, EV 104.4 MPH)
Batting: RHB Cory Walton 0-0: Fly out, F9 (Flyball, 9LS, EV 80.0 MPH)
Batting: RHB Bryan Chambers 0-0: Ball
1-0: Called Strike
1-1: Ball
2-1: Foul Ball, location: 25F
2-2: Foul Ball, location: 2F
2-2: Ball
3-2: Ground out 5-3 (Groundball, 56, EV 103.1 MPH)
Top of the 3rd over - 0 runs, 0 hits, 1 error, 1 left on base; Los Angeles N (SS-A) 0 - Boise 0
BOTTOM OF THE 3RD
Boise Hawks batting - Pitching for Los Angeles N (SS-A) Dodgers : LHP Kenishi Sakurai
Batting: LHB Ricky Arteaga 0-0: Ball
1-0: Ball
2-0: Called Strike
2-1: Foul Ball, location: 23F
2-2: Strikes out swinging
Batting: LHB Nelson Rodriguez 0-0: Ball
1-0: Ball
2-0: Foul Ball, location: 5F
2-1: Swinging Strike
2-2: Strikes out swinging
Batting: RHB Ivan Mendez 0-0: Ball
1-0: DOUBLE (Groundball, 5L, EV 100.0 MPH)
Batting: RHB Mike Egan 0-0: Ball
1-0: Swinging Strike
1-1: Ball
2-1: Foul Ball, location: 9LSF
2-2: Ball
3-2: Foul Ball, location: 9LSF
3-2: Strikes out swinging
Bottom of the 3rd over - 0 runs, 1 hit, 0 errors, 1 left on base; Los Angeles N (SS-A) 0 - Boise 0
TOP OF THE 4TH
Los Angeles N (SS-A) Dodgers batting - Pitching for Boise Hawks : RHP Dan Potts
Batting: RHB Matt Lewis 0-0: DOUBLE (Line Drive, 3D, EV 98.8 MPH)
Batting: RHB Austin Vargas 0-0: Foul Ball, location: 2F
0-1: Ball
1-1: Swinging Strike
1-2: Foul Ball, location: 9LMF
1-2: Ground out 6-3 (Groundball, P, EV 90.6 MPH)
Matt Lewis to third
Batting: RHB Devin Gleason 0-0: Ball
1-0: Ball
2-0: Called Strike
2-1: Foul Ball, location: 2F
2-2: Foul Ball, location: 5F
2-2: Foul Ball, location: 5FF
2-2: Strikes out swinging
Batting: RHB Nolan Jones 0-0: Foul Ball, location: 2F
0-1: Foul Ball, location: 2F
0-2: Ball
1-2: Strikes out swinging
Top of the 4th over - 0 runs, 1 hit, 0 errors, 1 left on base; Los Angeles N (SS-A) 0 - Boise 0
BOTTOM OF THE 4TH
Boise Hawks batting - Pitching for Los Angeles N (SS-A) Dodgers : LHP Kenishi Sakurai
Batting: RHB David Pender 0-0: Called Strike
0-1: Ball
1-1: Swinging Strike
1-2: Ground out 4-3 (Groundball, 4, EV 88.1 MPH)
Batting: LHB Ivan Alcantar 0-0: Fly out, F7 (Flyball, 78S, EV 77.5 MPH)
Batting: LHB Luis Apolinar 0-0: Called Strike
0-1: Called Strike
0-2: Strikes out swinging
Bottom of the 4th over - 0 runs, 0 hits, 0 errors, 0 left on base; Los Angeles N (SS-A) 0 - Boise 0
TOP OF THE 5TH
Los Angeles N (SS-A) Dodgers batting - Pitching for Boise Hawks : RHP Dan Potts
Batting: LHB Terry Walker 0-0: Ball
1-0: Ball
2-0: Ball
3-0: Base on Balls
Batting: RHB Pete Betts 0-0: Called Strike
0-1: Ball
1-1: Foul Ball, location: 2RF
1-2: Strikes out looking
Batting: LHB Russ Hailer 0-0: Ball
1-0: Called Strike
1-1: Ball
2-1: Called Strike
2-2: Strikes out looking
Batting: RHB Cory Walton 0-0: Ball
1-0: Called Strike
1-1: Ball
2-1: Called Strike
2-2: DOUBLE (Line Drive, 9LM, EV 110.0 MPH)
Terry Walker to third
Runner from 3rd tries for Home, SAFE, throw by RF to home
Batting: RHB Bryan Chambers 0-0: Called Strike
0-1: Ground out 1-3 (Groundball, P, EV 61.9 MPH)
Top of the 5th over - 1 run, 1 hit, 0 errors, 1 left on base; Los Angeles N (SS-A) 1 - Boise 0
BOTTOM OF THE 5TH
Boise Hawks batting - Pitching for Los Angeles N (SS-A) Dodgers : LHP Kenishi Sakurai
Batting: SHB Scott McDonald Jr. 0-0: Called Strike
0-1: Called Strike
0-2: Strikes out swinging passed ball, reaches first!
Batting: RHB Tyler Kenner 0-0: Called Strike
0-1: Grounds into double play, 4-6-3 (Groundball, 4, EV 85.6 MPH)
Batting: LHB Ricky Arteaga 0-0: Swinging Strike
0-1: Called Strike
0-2: Ball
1-2: Foul Ball, location: 3SF
1-2: Ball
2-2: Strikes out swinging, 2-3 out at first.
Bottom of the 5th over - 0 runs, 0 hits, 0 errors, 0 left on base; Los Angeles N (SS-A) 1 - Boise 0
TOP OF THE 6TH
Los Angeles N (SS-A) Dodgers batting - Pitching for Boise Hawks : RHP Dan Potts
Batting: RHB Matt Lewis 0-0: Foul Ball, location: 2F
0-1: Swinging Strike
0-2: Ball
1-2: Ball
2-2: Strikes out swinging
Batting: RHB Austin Vargas 0-0: Foul Ball, location: 2F
0-1: DOUBLE (Flyball, 8RXD, EV 112.5 MPH)
Pitching: RHP Bob Blake
Batting: RHB Devin Gleason 0-0: Called Strike
0-1: Called Strike
0-2: Foul Ball, location: 2F
0-2: SINGLE (Groundball, 34, EV 81.9 MPH)
Austin Vargas to third
Batting: RHB Nolan Jones 0-0: DOUBLE (Line Drive, 8RXD, EV 103.8 MPH)
Austin Vargas scores
Devin Gleason to third
Runner from 3rd tries for Home, SAFE, throw by CF to home
Batting: LHB Terry Walker 0-0: Ball
1-0: Foul Ball, location: 2F
1-1: Ball
2-1: Foul Ball, location: 3DF
2-2: Ball
3-2: Foul Ball, location: 2F
3-2: Foul Ball, location: 7LDF
3-2: Fly out, F8 (Line Drive, 8RM, EV 91.3 MPH)
Batting: RHB Pete Betts 0-0: Ball
1-0: Swinging Strike
1-1: Called Strike
1-2: Strikes out looking
Top of the 6th over - 2 runs, 3 hits, 0 errors, 1 left on base; Los Angeles N (SS-A) 3 - Boise 0
BOTTOM OF THE 6TH
Boise Hawks batting - Pitching for Los Angeles N (SS-A) Dodgers : LHP Kenishi Sakurai
Batting: LHB Nelson Rodriguez 0-0: Called Strike
0-1: Swinging Strike
0-2: Ball
1-2: Strikes out looking
Batting: RHB Ivan Mendez 0-0: Called Strike
0-1: Swinging Strike
0-2: Ground out 6-3 (Groundball, 6, EV 96.9 MPH)
Batting: RHB Mike Egan 0-0: Foul Ball, location: 25F
0-1: SINGLE (Line Drive, 8LS, EV 93.8 MPH)
Batting: RHB David Pender 0-0: Ball
1-0: Called Strike
1-1: SINGLE (Line Drive, 78S, EV 110.0 MPH)
Mike Egan to second
Runner from 2nd tries for 3rd, SAFE, no throw by LF
Batting: LHB Ivan Alcantar 0-0: Ball
1-0: Foul Ball, location: 25F
1-1: Fly out, F8 (Line Drive, 78M, EV 99.4 MPH)
Bottom of the 6th over - 0 runs, 2 hits, 0 errors, 2 left on base; Los Angeles N (SS-A) 3 - Boise 0
TOP OF THE 7TH
Los Angeles N (SS-A) Dodgers batting - Pitching for Boise Hawks : RHP Bob Blake
Batting: LHB Russ Hailer 0-0: Swinging Strike
0-1: Called Strike
0-2: Strikes out looking
Batting: RHB Cory Walton 0-0: Ball
1-0: Called Strike
1-1: Ball
2-1: DOUBLE (Line Drive, 9LS, EV 105.0 MPH)
Batting: RHB Bryan Chambers 0-0: Swinging Strike
0-1: Called Strike
0-2: Ball
1-2: DOUBLE (Line Drive, 3D, EV 95.6 MPH)
Cory Walton scores
Batting: RHB Matt Lewis 0-0: Foul Ball, location: 5FF
0-1: Fly out, F4 (Popup, 3S, EV 86.3 MPH)
Batting: RHB Austin Vargas 0-0: Ball
1-0: Ball
2-0: Ball
3-0: Foul Ball, location: 2F
3-1: Called Strike
3-2: Ground out 6-3 (Groundball, 6, EV 91.3 MPH)
Top of the 7th over - 1 run, 2 hits, 0 errors, 1 left on base; Los Angeles N (SS-A) 4 - Boise 0
BOTTOM OF THE 7TH
Boise Hawks batting - Pitching for Los Angeles N (SS-A) Dodgers : LHP Kenishi Sakurai
Now at 2B: Ted Hedrick
Now at 3B: Pete Betts
Now in LF: Matt Lewis
Now in RF: Danny Tedesco
Batting: LHB Luis Apolinar 0-0: Foul Ball, location: 7LSF
0-1: Foul Ball, location: 2F
0-2: Foul Ball, location: 9LMF
0-2: Ball
1-2: Ball
2-2: Ball
3-2: Strikes out swinging
Batting: SHB Scott McDonald Jr. 0-0: Ground out 1-3 (Groundball, 13S, EV 67.5 MPH)
Batting: RHB Tyler Kenner 0-0: Ball
1-0: Swinging Strike
1-1: Foul Ball, location: 2F
1-2: Foul Ball, location: 2F
1-2: Ball
2-2: Foul Ball, location: 9LSF
2-2: Strikes out swinging
Bottom of the 7th over - 0 runs, 0 hits, 0 errors, 0 left on base; Los Angeles N (SS-A) 4 - Boise 0
TOP OF THE 8TH
Los Angeles N (SS-A) Dodgers batting - Pitching for Boise Hawks : RHP Bob Blake
Pitching: RHP Alex Maya
Batting: RHB Devin Gleason 0-0: Called Strike
0-1: DOUBLE (Flyball, 8LD, EV 80.6 MPH)
Batting: RHB Nolan Jones 0-0: Ball
1-0: Swinging Strike
1-1: Fly out, F9 (Flyball, 9, EV 90.6 MPH)
Batting: LHB Terry Walker 0-0: Ground out U3 (Groundball, 34, EV 91.9 MPH)
Devin Gleason to third
Batting: RHB Pete Betts 0-0: Called Strike
0-1: Swinging Strike
0-2: Ball
1-2: Strikes out looking
Top of the 8th over - 0 runs, 1 hit, 0 errors, 1 left on base; Los Angeles N (SS-A) 4 - Boise 0
BOTTOM OF THE 8TH
Boise Hawks batting - Pitching for Los Angeles N (SS-A) Dodgers : LHP Kenishi Sakurai
Batting: LHB Ricky Arteaga 0-0: Called Strike
0-1: DOUBLE (Flyball, 8LXD, EV 96.9 MPH)
Batting: LHB Nelson Rodriguez 0-0: Ball
1-0: Ball
2-0: Fly out, F6 (Popup, 15S, EV 86.3 MPH)
Batting: RHB Ivan Mendez 0-0: Fly out, F3 (Popup, 3S, EV 74.4 MPH)
Batting: RHB Mike Egan 0-0: Ground out U3 (Groundball, 34, EV 82.5 MPH)
Bottom of the 8th over - 0 runs, 1 hit, 0 errors, 1 left on base; Los Angeles N (SS-A) 4 - Boise 0
TOP OF THE 9TH
Los Angeles N (SS-A) Dodgers batting - Pitching for Boise Hawks : RHP Alex Maya
Pitching: RHP Manuel Santos
Batting: LHB Russ Hailer 0-0: Ball
1-0: Ground out U3 (Groundball, 34, EV 103.8 MPH)
Batting: RHB Cory Walton 0-0: Called Strike
0-1: Ball
1-1: SINGLE (Groundball, 34D, EV 96.9 MPH)
Batting: RHB Ted Hedrick 0-0: Ball
1-0: Ball
Cory Walton steals 2nd base
2-0: Ground out 1-3 (Groundball, 13, EV 63.1 MPH)
Batting: RHB Matt Lewis 0-0: Fly out, F8 (Flyball, 78M, EV 90.6 MPH)
Top of the 9th over - 0 runs, 1 hit, 0 errors, 1 left on base; Los Angeles N (SS-A) 4 - Boise 0
BOTTOM OF THE 9TH
Boise Hawks batting - Pitching for Los Angeles N (SS-A) Dodgers : LHP Kenishi Sakurai
Batting: RHB David Pender 0-0: Ball
1-0: Ball
2-0: Called Strike
2-1: Ball
3-1: DOUBLE (Groundball, 5L, EV 101.9 MPH)
Batting: LHB Ivan Alcantar 0-0: Called Strike
0-1: Ball
1-1: Foul Ball, location: 3FF
1-2: Strikes out swinging
Pitching: LHP Chance Fritz
Batting: LHB Luis Apolinar 0-0: Ball
1-0: Ball
2-0: Ground out 4-3 (Groundball, 4, EV 104.4 MPH)
David Pender to third
Batting: SHB Scott McDonald Jr. 0-0: Ball
1-0: SINGLE (Line Drive, 5D, EV 95.6 MPH)
David Pender scores
Batting: RHB Tyler Kenner 0-0: Ball
1-0: Foul Ball, location: 2F
1-1: Foul Ball, location: 7LSF
1-2: Foul Ball, location: 2RF
1-2: Foul Ball, location: 3SF
1-2: Foul Ball, location: 23F
1-2: Ball
2-2: Strikes out swinging
Bottom of the 9th over - 1 run, 2 hits, 0 errors, 1 left on base; Los Angeles N (SS-A) 4 - Boise 1
Sunday, April 14th , 2024 - OOTP Baseball 24.11 Build 85